 Dungeon Crawl Stone Soup version 0.30-a0-629-gd54f4be4f7 (webtiles) character file.

Game seed: 6328382967162004856

53 IdlyInterested the Chopper (level 3, -1/27 HPs)
             Began as a Demonspawn Gladiator on Jan 12, 2023.
             Slain by an iguana (10 damage)
             ... on level 3 of the Dungeon.
             The game lasted 00:04:21 (2347 turns).

IdlyInterested the Chopper (Demonspawn Gladiator)   Turns: 2347, Time: 00:04:21

Health: -1/27      AC:  9    Str: 16    XL:     3   Next: 62%
Magic:  3/3        EV:  4    Int:  9    God:
Gold:   104        SH:  0    Dex: 14    Spells: 2/2 levels left

rFire   . . .      SeeInvis .    a - +0 war axe (chaos)
rCold   . . .      Faith    .    (no shield)
rNeg    . . .      Spirit   .    n - +0 chain mail
rPois   .          Reflect  .    c - +0 helmet
rElec   .          Harm     .    (no cloak)
rCorr   .          Rampage  .    (no gloves)
Will    +....                    (no boots) Stlth
                                 (no amulet)
HPRegen 0.24/turn                i - ring of willpower
MPRegen 0.08/turn                (no ring)

@: constricted
A: foul stench 1
a: no special abilities


You were on level 3 of the Dungeon.
You visited 1 branch of the dungeon, and saw 3 of its levels.

You collected 104 gold pieces.

Inventory:

Hand Weapons
 a - a +0 war axe of chaos (weapon)
 o - a +0 trident
Missiles
 d - 3 throwing nets
 e - a javelin
 f - 32 stones (quivered)
 l - 2 poisoned darts
Armour
 c - a +0 helmet (worn)
 n - a +0 chain mail (worn)
Jewellery
 i - a ring of willpower (left hand)
Scrolls
 g - a scroll of fear
 h - a scroll of magic mapping
Potions
 j - a potion of berserk rage
 k - 3 potions of curing
 m - a potion of brilliance {unknown}


   Skills:
 - Level 2.0 Fighting
 + Level 3.9 Axes
 - Level 2.0 Throwing
 - Level 2.6 Dodging
 * Level 1.1 Stealth


You had 2 spell levels left.
You didn't know any spells.
Your spell library contained the following spells:

 Spells                   Type           Power      Damage    Failure   Level
 Cigotuvi's Dreadful Rot  Necr/Pois/Air  0%         N/A       100%        2
 Poisonous Vapours        Pois/Air       0%         N/A       100%        2
 Inner Flame              Hex/Fire       0%         N/A       100%        3
 Mephitic Cloud           Conj/Pois/Air  0%         N/A       100%        3
 Flame Wave               Conj/Fire      0%         2d4       100%        4
 Sticky Flame             Conj/Fire      0%         2d3       100%        4


Dungeon Overview and Level Annotations

Branches:
Dungeon (3/15)

Altars:
Ashenzari

Shops:
D:3 [


Innate Abilities, Weirdness & Mutations

You may rarely emit foul miasma when damaged in melee.


Message History

There is a stone staircase leading up here.
f - 32 stones (gained 2)
The air fills with toxic fumes!
As you read the scroll labelled IKURCH XA ZACWA, it crumbles to dust.
It was a scroll of poison.
As you read the scroll labelled DOATYCVOLO, it crumbles to dust.
You assume a fearsome visage.
Nothing appears to happen.
It was a scroll of fear.
You start waiting.
Done waiting.
Found Cohu Jub's Armour Emporium.
There is an entrance to Cohu Jub's Armour Emporium here.
You can access your shopping list by pressing '$'.
A ball python and an iguana come into view.
The iguana hisses angrily.
The iguana moves out of view.
The ball python bites you but does no damage.
The ball python grabs you. The ball python constricts you.
The iguana bites you.
You barely miss the ball python. You hit the iguana but do no damage.
The ball python bites you but does no damage.
The ball python constricts you. The iguana bites you!
The ball python completely misses you. The ball python constricts you.
The iguana barely misses you.
You closely miss the iguana.
You hit the ball python but do no damage.
The ball python seems to speed up.
The ball python bites you but does no damage.
The ball python constricts you.
The ball python bites you but does no damage.
The ball python constricts you. The iguana bites you.
You emit a cloud of foul miasma!
You closely miss the ball python. You hit the iguana but do no damage.
The iguana is moving more slowly.
The ball python bites you but does no damage.
The ball python constricts you.
The ball python bites you but does no damage.
The ball python constricts you.
The iguana is engulfed in dark miasma.
The iguana is poisoned.
The iguana seems to slow down.
The iguana bites you!
You die...

.# #. #.# #. #.# #.
#.# #. #.# #. #.# #.
############.# #.
##............# #.
#.@#########..####.
#Sl................
....##########.#####
####.# #.# #.# #.#
... #.# ... #.####
... #....# ####.#


You could see an iguana (petrifying, poisoned, slow) and a ball python (fast).

Vanquished Creatures
  3 worms (D:2)
  3 dart slugs
  4 endoplasms
  A giant cockroach (D:1)
  8 goblins
  4 hobgoblins
  A quokka (D:2)
  3 ball pythons (D:1)
  4 bats
  2 kobolds
  3 rats
36 creatures vanquished.

Notes
Turn   | Place    | Note
-------+----------+-------------------------------------------
     0 | D:1      | IdlyInterested the Demonspawn Gladiator began the quest for
                  | the Orb.
     0 | D:1      | Reached XP level 1. HP: 16/16 MP: 1/1
   152 | D:1      | Reached skill level 3 in Axes
   155 | D:1      | Gained mutation: You may rarely emit foul miasma when
                  | damaged in melee. [demonic ancestry]
   155 | D:1      | Reached XP level 2. HP: 19/22 MP: 2/2
   293 | D:1      | Found a faded altar of an unknown god.
  1057 | D:2      | Found a broken altar of Ashenzari.
  1068 | D:2      | Reached XP level 3. HP: 18/27 MP: 3/3
  1441 | D:2      | Reached skill level 1 in Stealth
  2289 | D:3      | Found Cohu Jub's Armour Emporium.
  2347 | D:3      | Slain by an iguana

Illustrated notes

Levels and vault maps discovered:
D:1:      amcnicky_arrival_underground_garden, layout_loops_ring,
          shapermc_ecumenical_altar_pompeii, feat_on_display
D:2:      layout_basic, basic_altar, chequers_serial_rivers_micro_e
D:3:      layout_loops_ring, serial_shops, shop, ebering_ghost_sewer_f,
          st_stairs_6, uniq_crazy_yiuf_cottage, uniq_grinder, uniq_terence,
          uniq_natasha

Skill      XL: |  1  2  3 |
---------------+----------+-----
Axes           | 3 |  3.9
Throwing       | 2 |  2.0
Stealth        | 1 |  1.1
Fighting       | |  2.0
Dodging        | |  2.6

Action                   || total
-------------------------++-------
Melee: War axe           ||    92
       Punch             ||     1
  Use: Scroll            ||     7
 Stab: Sleeping          ||     2
Armor: Leather armour    ||    19
       Chain mail        ||    11
Dodge: Dodged            ||    58

Table legend: (Time is in decaauts)
 A = Elapsed time spent in this place.
 B = Non-inter-level travel time spent in this place.
 C = Inter-level travel time spent in this place.
 D = Time resting spent in this place.
 E = Time spent auto-exploring this place.
 F = Levels seen in this place.
 G = Mean time per level.
                   A        B        C        D        E       F      G
               +--------+--------+--------+--------+--------+-----+--------+
         Total |   2378 |   2059 |    319 |    233 |   1415 |   3 |  792.7 |
       Dungeon |   2378 |   2059 |    319 |    233 |   1415 |   3 |  792.7 |
               +--------+--------+--------+--------+--------+-----+--------+

Top non-repeatable levels by time:
     D:2: 1246 daAuts
     D:1: 904 daAuts
     D:3: 227 daAuts
